 Dungeon Crawl Stone Soup version 0.16.1-18-g436b03c (webtiles) character file.

230 Jellesnietes the Chopper (level 5, 0/48 HPs)
             Began as a Minotaur Chaos Knight on Apr 26, 2015.
             Shot with an arrow by a centaur (13 damage)
             ... on level 7 of the Dungeon.
             The game lasted 00:07:09 (1045 turns).

Jellesnietes the Chopper (Minotaur Chaos Knight)    Turns: 1045, Time: 00:07:09

Health: 0/48       AC:  5    Str: 17    XL:     5   Next: 72%
Magic:  2/2        EV: 12    Int:  9    God:    Xom [.*....]
Gold:   115        SH:  0    Dex: 10    Spells: 0 memorised, 4 levels left

rFire  . . .     SeeInvis .     l - +0 war axe
rCold  . . .     Clarity  .     b - +2 leather armour
rNeg   . . .     SustAb   .     (no shield)
rPois  .         Gourm    .     (helmet restricted)
rElec  .         Spirit   .     (no cloak)
rCorr  .         Warding  .     (no gloves)
rMut   .         Stasis   .     (no boots)
MR     .....                    (no amulet)
Stlth  +.........               (no ring)
                                (no ring)

@: not resistant to hostile enchantments, very unstealthy
A: retaliatory headbutt, horns 2
a: Renounce Religion


You were on level 7 of the Dungeon.
You worshipped Xom.
You were a plaything of Xom.
You were not hungry.

You visited 1 branch of the dungeon, and saw 7 of its levels.

You collected 115 gold pieces.

Inventory:

Hand weapons
 a - a +0 hand axe of chaos
 d - a +0 hunting sling
 e - a +0 club
 g - a +0 dagger
 l - a +0 war axe (weapon)
Armour
 b - a +2 leather armour (worn)
 n - a cursed +0 leather armour
Scrolls
 f - 2 scrolls of fog {unknown}
 h - a scroll of identify {my dick, unknown}
 k - a scroll of remove curse {unknown}
Potions
 i - 2 potions of brilliance {unknown}
 j - a potion of curing {unknown}
 m - a potion of agility {unknown}
Comestibles
 c - 2 bread rations


   Skills:
 + Level 5.2 Fighting
 + Level 5.5 Axes
 + Level 3.2 Armour
 + Level 2.9 Dodging
 + Level 0.5 Stealth


You had 4 spell levels left.
You didn't know any spells.

Dungeon Overview and Level Annotations

Branches:
Dungeon (7/15)
 Temple: D:4-7

Altars:


Innate Abilities, Weirdness & Mutations

You reflexively headbutt those who attack you in melee.
You have a pair of horns on your head.


Message History

The centaur shoots an arrow.
The arrow closely misses you.
You see here an arrow.
The centaur shoots an arrow.
The arrow barely misses you.
The arrow closely misses the ice beast.
The ice beast barely misses you. You furiously retaliate!
You headbutt the ice beast, but do no damage.
You barely miss the ice beast. You headbutt the ice beast!
The ice beast is moderately wounded.
Xom gives a demonstration of destructive might.
The fireball engulfs the hobgoblin.
The hobgoblin dies!
The fireball engulfs your quasit.
Your quasit appears unharmed.
The fireball engulfs the active ballistomycete.
The fireball engulfs your quasit.
Your quasit appears unharmed.
The fireball engulfs the centaur.
The centaur shoots an arrow.
The arrow hits you!
You die...
Xom snickers!

#####..$##................
.....P...##................
.........######.#####......
.........# #..# #......
........P§#######'##
#......
...g.c..5§§......).#
#......
......#.§§§........#
#...... ... #............#
#...... c #...(@Y......#
#.##### ############..##§#
..##.# ..##.# ..##§# ..##§#
...#§# . #.# ..#


You could see an ice beast, an active ballistomycete, a centaur and a friendly
quasit.

Vanquished Creatures
  A giant frog (D:7)
  A scorpion (D:4)
  A hound (D:4)
  A giant frog skeleton (D:7)
  A hound zombie (D:6)
  3 adders
  A worm (D:2)
  A giant gecko (D:3)
  2 orcs
  A hobgoblin (D:1)
  A kobold (D:7)
  2 bats
  A giant newt (D:4)
  A giant spore (D:7)
  A goblin (D:4)
  A jackal zombie (D:7)
  2 rats
22 creatures vanquished.

Vanquished Creatures (others)
  A hobgoblin (D:7)
1 creature vanquished.

Grand Total: 23 creatures vanquished

Notes
Turn   | Place    | Note
--------------------------------------------------------------
     0 | D:1      | Jellesnietes, the Minotaur Chaos Knight, began the quest for the Orb.
     0 | D:1      | Reached XP level 1. HP: 19/19 MP: 1/1
    93 | D:1      | XOM: harmless Tloc miscast
    96 | D:1      | XOM: divination: detect creatures
   109 | D:1      | XOM: silly message
   218 | D:2      | Reached XP level 2. HP: 25/27 MP: 1/1
   271 | D:3      | Reached skill level 4 in Axes
   444 | D:4      | Noticed a scorpion
   452 | D:4      | XOM: butterfly on damage
   453 | D:4      | Killed a scorpion
   453 | D:4      | Reached XP level 3. HP: 18/33 MP: 2/2
   453 | D:4      | Reached XP level 4. HP: 21/40 MP: 2/2
   758 | D:4      | XOM: divination: detect creatures
   796 | D:4      | XOM: divination: magic mapping
   801 | D:4      | Reached skill level 5 in Axes
   832 | D:5      | Entered Level 5 of the Dungeon
   958 | D:7      | Noticed a giant frog
   963 | D:7      | Killed a giant frog
   963 | D:7      | Reached skill level 5 in Fighting
   963 | D:7      | Reached XP level 5. HP: 46/48 MP: 2/2
   973 | D:7      | XOM: smoke on damage
  1034 | D:7      | XOM: smoke on damage
  1038 | D:7      | Noticed a centaur
  1040 | D:7      | Noticed an ice beast
  1042 | D:7      | XOM: summons friendly quasit
  1045 | D:7      | XOM: destruction
  1045 | D:7      | Shot with an arrow by a centaur

Action                   |  1- 3 |  4- 6 || total
-------------------------+-------+-------++-------
Melee: Hand axe          |    31 |     5 ||    36
       War axe           |       |    25 ||    25
  Use: Scroll            |       |     1 ||     1
